 Dungeon Crawl Stone Soup version 0.16-a0-282-ga87e286 (webtiles) character file.

1843 Afay the Cudgeler (level 8, -1/70 HPs)
             Began as a Minotaur Fighter on Aug 27, 2014.
             Slain by a goliath beetle (15 damage)
             ... on Level 6 of the Dungeon.
             The game lasted 00:17:28 (5562 turns).

Afay the Cudgeler (Minotaur Fighter)                Turns: 5562, Time: 00:17:28

HP  -1/70        AC 11     Str 24      XL: 8   Next: 87%
MP   3/3         EV  8     Int  5      God:
Gold 366         SH 11     Dex 12      Spells:  0 memorised,  7 levels left

rFire  + . .     SeeInvis .     G - +1 mace (curse)
rCold  . . .     Clarity  .     b - +0 scale mail
rNeg   . . .     rCorr    +     c - +0 shield
rPois  .         rRot     .     (helmet restricted)
rElec  .         Spirit   .     (no cloak)
SustAb .         Warding  .     q - +2 pair of gloves
rMut   .         Stasis   .     (no boots)
Gourm  .                        u - amulet of resist corrosion
MR     .....                    j - ring of protection from fire
                                h - +3 ring of strength

@: not resistant to hostile enchantments, extremely unstealthy
A: retaliatory headbutt, horns 2
a: no special abilities


You were on level 6 of the Dungeon.
You were not hungry.

You visited 1 branch of the dungeon, and saw 6 of its levels.

You collected 366 gold pieces.

Inventory:

Hand weapons
 G - a cursed +1 mace (weapon)
Armour
 b - a +0 scale mail (worn)
 c - a +0 shield (worn)
 q - a +2 pair of gloves (worn)
Magical devices
 x - a wand of fireball (4) {unknown}
Comestibles
 d - 5 bread rations
 f - 2 meat rations
 H - a chunk of orc flesh
Scrolls
 i - 2 scrolls of blinking {unknown}
 l - 4 scrolls of remove curse
 n - 4 scrolls of identify {unknown}
 o - a scroll of amnesia {unknown}
 p - 3 scrolls of teleportation {unknown}
 r - a scroll of random uselessness {unknown}
 s - a scroll of enchant weapon {unknown}
 v - a scroll of recharging {unknown}
 w - a scroll of magic mapping {unknown}
Jewellery
 h - a +3 ring of strength (left hand)
 j - a ring of protection from fire (right hand)
 u - an amulet of resist corrosion (around neck)
 y - an uncursed amulet of warding {unknown}
Potions
 a - a potion of agility {unknown}
 e - a potion of might
 g - 4 potions of cancellation {unknown}
 k - a potion of flight {unknown}
 m - a potion of heal wounds {unknown}
 t - a potion of mutation {unknown}
 z - a potion of brilliance {unknown}
 A - a potion of berserk rage {unknown}
 B - a potion of haste {unknown}
 C - a potion of degeneration {unknown}
 D - a potion of curing {unknown}
 E - a potion of poison {unknown}
 F - a potion of invisibility {unknown}


   Skills:
 + Level 5.8 Fighting
 * Level 7.8 Maces & Flails
 + Level 6.5 Armour
 + Level 5.9 Dodging
 - Level 0.1 Stealth
 + Level 7.1 Shields


You had 7 spell levels left.
You didn't know any spells.

Dungeon Overview and Level Annotations

Branches:
Dungeon (6/15)
 Temple: D:4-7

Altars:
Ashenzari
Fedhas
Okawaru
Sif Muna
Trog

Shops:
D:5 }


Innate Abilities, Weirdness & Mutations

You reflexively headbutt those who attack you in melee.
You have a pair of horns on your head.


Message History

The goliath beetle is severely wounded.
You block the goliath beetle's attack.
You sock the goliath beetle!
The goliath beetle is almost dead.
The goliath beetle bites you!!
* * * LOW HITPOINT WARNING * * *
You are too injured to fight recklessly!
You are too injured to fight recklessly!
You hit the goliath beetle.
The goliath beetle is almost dead.
You hit the goliath beetle.
The goliath beetle is almost dead.
The goliath beetle barely misses you. You furiously retaliate!
You headbutt the goliath beetle.
You hit the goliath beetle but do no damage.
The goliath beetle is almost dead.
You hit the goliath beetle but do no damage.
The goliath beetle is almost dead.
The goliath beetle bites you!
You die...

.######## #.. >........
'..... .######## #......
.# #......# '#########
#......# .........#
#......# .........#####
#......#
.............###.B....###
.......''....'..@........
.......##....#####.......
.......##....# .....
.......##....# ....
.......##.....# ...
.########.....# .
.########.....#
.......##.....# .......#
.....


You could see a goliath beetle.

Vanquished Creatures
  An ice beast (D:6)
  An orc warrior (D:4)
  An ogre (D:5)
  A centaur (D:5)
  A phantom (D:5)
  Duvessa (D:4)
  4 big kobolds (D:3)
  5 wights (D:6)
  Dowan (D:4)
  A hound (D:5)
  An orc priest (D:3)
  4 iguanas
  A giant frog zombie (D:5)
  2 orc wizards (D:3)
  3 worker ants
  Ijyb (D:4)
  10 gnolls (D:3)
  6 adders
  A scorpion zombie (D:5)
  A goliath beetle zombie (D:5)
  8 worms
  4 shadow imps
  9 giant geckos
  2 oozes
  25 orcs
  11 bats
  A bat skeleton (D:4)
  5 giant cockroaches
  36 goblins
  34 hobgoblins
  14 kobolds
  4 quokkas
  6 giant newts
  A goblin skeleton (D:4)
  3 jackals (D:5)
  An orc skeleton (D:4)
  13 rats
  A rat skeleton (D:6)
225 creatures vanquished.

Vanquished Creatures (others)
  5 toadstools (D:1)
5 creatures vanquished.

Grand Total: 230 creatures vanquished

Notes
Turn   | Place    | Note
--------------------------------------------------------------
     0 | D:1      | Afay, the Minotaur Fighter, began the quest for the Orb.
     0 | D:1      | Reached XP level 1. HP: 19/19 MP: 1/1
    50 | D:1      | Reached XP level 2. HP: 20/27 MP: 1/1
   243 | D:1      | Reached skill level 4 in Fighting
   670 | D:2      | Reached XP level 3. HP: 11/33 MP: 2/2
  1037 | D:2      | Found an iron altar of Okawaru.
  1259 | D:3      | Reached skill level 1 in Dodging
  1261 | D:3      | Found a bloodstained altar of Trog.
  1360 | D:3      | Reached XP level 4. HP: 27/40 MP: 2/2
  1540 | D:3      | Reached XP level 5. HP: 28/47 MP: 2/2
  2155 | D:3      | Reached skill level 5 in Armour
  2198 | D:3      | Reached XP level 6. HP: 48/53 MP: 3/3
  2372 | D:3      | Noticed a big kobold
  2372 | D:3      | Noticed a big kobold
  2372 | D:3      | Noticed a big kobold
  2372 | D:3      | Noticed a big kobold
  2383 | D:3      | Killed a big kobold
  2383 | D:3      | Reached skill level 5 in Shields
  2387 | D:3      | Killed a big kobold
  2387 | D:3      | Reached skill level 5 in Maces & Flails
  2397 | D:3      | Killed a big kobold
  2397 | D:3      | Reached XP level 7. HP: 36/60 MP: 3/3
  2403 | D:3      | Killed a big kobold
  2610 | D:3      | Reached skill level 5 in Fighting
  2659 | D:4      | Found a blossoming altar of Fedhas.
  2877 | D:4      | Found a shattered altar of Ashenzari.
  2925 | D:4      | Noticed Duvessa
  2930 | D:4      | Noticed Dowan
  2947 | D:4      | Killed Duvessa
  2947 | D:4      | Reached skill level 6 in Maces & Flails
  2957 | D:4      | Killed Dowan
  3196 | D:4      | Noticed Ijyb
  3242 | D:4      | Killed Ijyb
  3921 | D:5      | Entered Level 5 of the Dungeon
  4113 | D:5      | Reached XP level 8. HP: 43/68 MP: 3/3
  4404 | D:5      | Found Hiavio's Gadget Shoppe.
  4437 | D:5      | Found a deep blue altar of Sif Muna.
  4660 | D:5      | Reached skill level 5 in Dodging
  4857 | D:5      | Reached skill level 7 in Maces & Flails
  5562 | D:6      | Slain by a goliath beetle

Action                   |  1- 3 |  4- 6 |  7- 9 || total
-------------------------+-------+-------+-------++-------
Melee: Flail             |   112 |    23 |       ||   135
       Whip              |       |   219 |   389 ||   608
       Mace              |       |       |    40 ||    40
  Use: Scroll            |       |       |     1 ||     1
  Eat: Chunk             |     2 |     3 |    11 ||    16
